 Dungeon Crawl Stone Soup version 0.31-a0-237-g2d982f9f85 (webtiles) character file.

Game seed: 6066378146295600558

27 qw the Shooter (level 2, 0/25 HPs)
             Began as a Minotaur Hexslinger on July 10, 2023.
             Slain by a goblin
             ... wielding a +0 club
             ... led by Robin
              (6 damage)
             ... on level 1 of the Dungeon.
             The game lasted 00:00:13 (480 turns).

qw the Shooter (Minotaur Hexslinger)                 Turns: 480, Time: 00:00:14

Health: 0/25       AC:  6    Str: 12    XL:     2   Next: 93%
Magic:  2/2        EV: 10    Int: 10    God:
Gold:   26         SH:  0    Dex: 12    Spells: 2/3 levels left

rFire   . . .        Y - +1 sling
rCold   . . .        (no shield)
rNeg    . . .        f - +0 ring mail
rPois   .            (helmet restricted)
rElec   .            (no cloak)
rCorr   .            (no gloves)
SInv    .            i - +0 pair of boots
Will    .....        (no amulet)
Stlth   +            (no ring)
HPRegen 0.24/turn    (no ring)
MPRegen 0.08/turn

%: no passive effects
@: about to teleport
A: horns 2, retaliatory headbutt
a: no special abilities


You were on level 1 of the Dungeon.
You visited 1 branch of the dungeon, and saw 2 of its levels.

You collected 59 gold pieces.
You spent 33 gold pieces at shops.


Innate Abilities, Weirdness & Mutations

You have a pair of horns on your head.
You reflexively headbutt those who attack you in melee.


   Skills:
 - Level 2.6 Fighting
 + Level 3.1 Ranged Weapons
 - Level 2.1 Dodging
 - Level 1.0 Spellcasting
 - Level 2.0 Hexes


You had 2 spell levels left.
You knew the following spells:

 Your Spells              Type           Power      Damage    Failure   Level
a - Slow                  Hex            16%        N/A       34%         1

Your spell library contained the following spells:

 Spells                   Type           Power      Damage    Failure   Level
 Inner Flame              Hex/Fire       2%         N/A       83%         3
 Portal Projectile        Hex/Tloc       4%         N/A       83%         3
 Cause Fear               Hex            2%         N/A       98%         4

Inventory:

Hand Weapons
 Y - a +1 sling (weapon)
Armour
 f - a +0 ring mail (worn)
 i - a +0 pair of boots (worn)
Potions
 g - a potion of degeneration {unknown}
 h - 2 potions of curing
 j - a potion of lignification {unknown}
 l - a potion of heal wounds {unknown}

Dungeon Overview and Level Annotations

Branches:
Dungeon (2/15)

Altars:

Shops:
D:1 !

Annotations:
D:2 Robin


Message History

The sling bullet completely misses the quokka.
The sling bullet hits the goblin.
The goblin is heavily wounded.
The quokka closely misses you. Robin throws the goblin at you!
The goblin hits you with a +0 club. The quokka bites you.
473 ||| STAIRDANCE The goblin hits you with a +0 club.
The quokka bites you.
You climb upwards.
There is a stone staircase leading down here.
Enter note:
Enter note:
Enter note: You shoot a sling bullet.
The sling bullet misses the quokka.
The goblin hits you with a +0 club. The quokka closely misses you.
The goblin hits you but does no damage.
You shoot a sling bullet.
The sling bullet closely misses the quokka.
The quokka misses you.
The quokka bites you but does no damage.
The goblin closely misses you.
You shoot a sling bullet.
The sling bullet closely misses the quokka.
The quokka barely misses you. You furiously retaliate!
You headbutt the quokka, but do no damage.
The goblin hits you with a +0 club. The quokka bites you.
You shoot a sling bullet. The sling bullet hits the quokka.
The quokka is heavily wounded.
The goblin completely misses you. The quokka barely misses you.
The goblin hits you with a +0 club.
You shoot a sling bullet.
The sling bullet hits the quokka but does no damage.
The quokka is moderately wounded.
The quokka bites you. The goblin barely misses you.
The quokka bites you but does no damage.
480 ||| READING scroll of teleportation.
As you read the scroll of teleportation, it crumbles to dust.
You feel strangely unstable.
The quokka bites you but does no damage.
The goblin hits you with a +0 club.
You die...

##......## ##........##
#..........# #..........#
#..........# ######
#..........#
#....#####..........####
#.....g...#.............
#####.r@...........#....
######## ######..............
......:# #..............
.......## #..%...........
........# #..............
##.####.########
#..........####
##.###.........#
##.............
....##........?#
##........#####
~~~.##.........####..##.....#
#


You could see a quokka and a goblin (strong).

Vanquished Creatures
  A gnoll (D:1)
  2 endoplasms (D:1)
  3 giant cockroaches (D:1)
  2 goblins
  2 kobolds (D:1)
  2 quokkas (D:1)
  2 ball pythons (D:1)
  2 frilled lizards (D:1)
16 creatures vanquished.

Notes
Turn   | Place    | Note
-------+----------+-------------------------------------------
     0 | D:1      | qw the Minotaur Hexslinger began the quest for the Orb.
     0 | D:1      | Reached XP level 1. HP: 16/16 MP: 1/1
     0 | D:1      | 0 ||| qw: Version: 0.3-a-52-g30416fa
     0 | D:1      | 0 ||| qw: Game counter: 5265
     0 | D:1      | 0 ||| qw: Melee chars always use a shield: true
     0 | D:1      | 0 ||| qw: God list: Okawaru
     0 | D:1      | 0 ||| qw: Allow faded altars: false
     0 | D:1      | 0 ||| qw: Do Orc after clearing Dungeon:15 true
     0 | D:1      | 0 ||| qw: Do second Lair branch before Depths: true
     0 | D:1      | 0 ||| qw: Lair rune preference: random
     0 | D:1      | 0 ||| qw: Goals: Normal
     0 | D:1      | 0 ||| PLANNING D:1-11
    66 | D:1      | Reached skill level 3 in Ranged Weapons
    74 | D:1      | Reached XP level 2. HP: 23/23 MP: 2/2
   316 | D:1      | Found Toalalul's Distillery.
   322 | D:1      | 322 ||| SHOPLISTING potion of cancellation (88 gold, have
                  | 41).
   322 | D:1      | 322 ||| BUYING potion of curing (33 gold).
   322 | D:1      | Bought a potion of curing for 33 gold pieces
   322 | D:1      | 322 ||| SHOPLISTING potion of curing (33 gold, have 8).
   322 | D:1      | 322 ||| SHOPLISTING potion of enlightenment (55 gold, have
                  | 8).
   322 | D:1      | 322 ||| SHOPLISTING potion of mutation (88 gold, have 8).
   420 | D:1      | 420 ||| UPGRADING to +0 leather armour.
   430 | D:1      | 430 ||| DROPPING +0 robe.
   431 | D:1      | 431 ||| UPGRADING to +0 ring mail.
   441 | D:1      | 441 ||| DROPPING +0 leather armour.
   442 | D:1      | 442 ||| UPGRADING to +0 pair of boots.
   447 | D:1      | 447 ||| READING 2 scrolls labelled WEFAZ NUBLIJI.
   450 | D:1      | 450 ||| READING scroll labelled KEOS INOPPE.
   451 | D:1      | 451 ||| READING scroll labelled UMIPOI OLIEPT.
   452 | D:1      | 452 ||| DROPPING scroll of poison.
   470 | D:2      | Noticed Robin
   473 | D:2      | 473 ||| STAIRDANCE
   479 | D:1      | HP: 6/25 [quokka (4)]
   480 | D:1      | 480 ||| READING scroll of teleportation.
   480 | D:1      | Slain by a goblin

Levels and vault maps discovered:
D:1:      psy_arrival_dodecagon, layout_rooms, serial_shops,
          nicolae_shop_industrial_runoff, minmay_stone_trees_small,
          ebering_dispersal_statue_hall
D:2:      layout_loops_cross, minmay_cut_off, uniq_natasha, uniq_robin,
          uniq_terence, uniq_jessica

Skill      XL: |  1  2 |
---------------+-------+-----
Ranged Weapons | 3 |  3.1
Fighting       | 2 |  2.6
Dodging        | |  2.1
Spellcasting   | |  1.0
Hexes          | |  2.0

Action                     || total
---------------------------++-------
   Fire: Sling             ||    40
    Use: Scroll            ||     4
 Armour: Ring mail         ||     5
  Dodge: Dodged            ||    10

Table legend:
 A = Non-vault XP
 B = Vault XP
 C = Vault XP percentage of total XP
 D = Non-vault monster count
 E = Vault monster count
 F = Vault count percentage of total count
                 A         B        C        D         E       F
            +---------+---------+-------+---------+---------+-------
      Total |      37 |       2 |   5.1 |      15 |       1 |   6.2
            +---------+---------+-------+---------+---------+-------
        D:1 |      37 |       0 |   0.0 |      15 |       0 |   0.0
        D:2 |       0 |       2 | 100.0 |       0 |       1 | 100.0
            +---------+---------+-------+---------+---------+-------
